 Dungeon Crawl Stone Soup version 0.23-a0-150-g7664ed78f7 (webtiles) character file.

114 Holzbalken the Poker (level 4, -5/35 HPs)
             Began as a Merfolk Gladiator on Sept 7, 2018.
             Was an Initiate of Ashenzari.
             Killed from afar by an orc wizard (8 damage)
             ... with a magic dart
             ... on level 3 of the Dungeon.
             The game lasted 00:13:03 (2275 turns).

Holzbalken the Poker (Merfolk Gladiator)            Turns: 2275, Time: 00:13:06

Health: -5/35      AC:  4    Str: 14    XL:     4   Next: 98%
Magic:  4/4        EV: 15    Int:  7    God:    Ashenzari [......]
Gold:   92         SH:  0    Dex: 16    Spells: 3/3 levels left

rFire    . . .     SeeInvis .   a - +0 trident
rCold    . . .     Gourm    .   (no shield)
rNeg     . . .     Faith    .   b - +0 leather armour
rPois    .         Spirit   .   c - +0 helmet
rElec    .         Reflect  .   (no cloak)
rCorr    .         Harm     .   (no gloves)
MR       +....                  (no boots)
Stlth    +.........             (no amulet)
HPRegen  0.11/turn              q - ring of protection from magic
MPRegen  0.09/turn              (no ring)

@: lethally poisoned (-5 -> -43)
A: change form in water, swift swim, stealthy swim
a: Curse Item, Renounce Religion


You were on level 3 of the Dungeon.
You worshipped Ashenzari.
Ashenzari was noncommittal.
You were not hungry.

You visited 1 branch of the dungeon, and saw 3 of its levels.

You collected 92 gold pieces.

Inventory:

Hand Weapons
 a - a +0 trident (weapon)
Missiles
 i - a throwing net (quivered)
Armour
 b - a +0 leather armour (worn)
 c - a +0 helmet (worn)
Jewellery
 q - a ring of protection from magic (left hand)
Wands
 p - a wand of flame (10)
Scrolls
 d - a scroll of magic mapping {unknown}
 e - a scroll of amnesia {unknown}
 j - a scroll of remove curse
 k - a scroll of fog {unknown}
 l - 2 scrolls of identify {unknown}
 s - a scroll of enchant weapon {unknown}
Potions
 h - 2 potions of agility {unknown}
 n - a potion of curing {unknown}
 r - a potion of flight {unknown}
Comestibles
 f - 5 rations
 g - 2 chunks of flesh


   Skills:
 + Level 3.2 Fighting
 * Level 6.4 Polearms
 - Level 2.0 Throwing
 + Level 5.1 Dodging


You had 3 spell levels left.
You didn't know any spells.
Your spell library contained the following spells:

 Spells                   Type           Power        Failure   Level  Hunger
 Corona                   Hex            #......      52%         1    ##.....
 Ensorcelled Hibernation  Hex/Ice        #.....       65%         2    ###....
 Confuse                  Hex            #.......     87%         3    ####...
 Dazzling Spray           Conj/Hex       #.....       87%         3    ####...
 Tukima's Dance           Hex            #.......     87%         3    ####...


Dungeon Overview and Level Annotations

Branches:
Dungeon (3/15)

Altars:
Ashenzari
Dithmenos
Gozag
Vehumet
Wu Jian
The Shining One

Shops:
D:3 *


Message History

Attack whom?
Press: ? - help, Dir - move target cursor, f/p - orc wizard
Aim: an orc wizard, wielding a dagger of venom and wearing a robe (almost dead)
You barely miss the orc wizard.
The orc wizard is almost dead.
* * * LOW HITPOINT WARNING * * *
You feel sick. The rat bites you but does no damage. The orc barely misses you.
The orc wizard hits you but does no damage.
You are more poisoned.
Attack whom?
Press: ? - help, Dir - move target cursor, f/p - orc wizard
Aim: an orc wizard, wielding a dagger of venom and wearing a robe (almost dead)
You closely miss the orc wizard.
The orc wizard is almost dead.
* * * LOW HITPOINT WARNING * * *
You feel very sick. The rat misses you. The orc closely misses you.
The orc wizard casts a spell at you. The magic dart hits you!
You die...

. #......# #.......##.......
..##......# #.......+........
..(.......# #.......##.#..##.
...#......# #.......##.#..##.
♣..§r((.o.# #.......##.#<>##.
.♣...'##'####.......##.##.##.
♣.♣.. #...##.......'.....##.
♣.♣ ###o##.......##.#####. ♣.
#(r@o......##.# #. .
......############.# ##
.####. #.# #. ..# #. ### ##


You could see an orc wizard, an orc and a rat.

Vanquished Creatures
  4 adders
  2 worms (D:2)
  4 dart slugs
  A leopard gecko (D:2)
  3 orcs (D:3)
  2 ball pythons
  6 bats
  5 giant cockroaches (D:1)
  6 goblins
  7 hobgoblins
  2 jackals (D:3)
  2 quokkas (D:2)
  2 frilled lizards
  5 kobolds
  7 rats
58 creatures vanquished.

Notes
Turn   | Place    | Note
-------+----------+-------------------------------------------
     0 | D:1      | Holzbalken the Merfolk Gladiator began the quest for the
                  | Orb.
     0 | D:1      | Reached XP level 1. HP: 16/16 MP: 1/1
    53 | D:1      | Reached XP level 2. HP: 21/23 MP: 2/2
   185 | D:1      | Reached skill level 5 in Polearms
   485 | D:1      | Reached XP level 3. HP: 28/28 MP: 3/3
  1071 | D:2      | Found a shattered altar of Ashenzari.
  1109 | D:2      | Became a worshipper of Ashenzari the Shackled
  1300 | D:2      | Reached XP level 4. HP: 34/34 MP: 4/4
  1346 | D:2      | Found a faded altar of an unknown god.
  1401 | D:2      | Reached skill level 6 in Polearms
  1512 | D:2      | Found a glowing golden altar of the Shining One.
  1724 | D:2      | Found a radiant altar of Vehumet.
  1725 | D:2      | Found an ornate altar of the Wu Jian Council.
  1725 | D:2      | Found a shattered altar of Ashenzari.
  1737 | D:2      | Found a shadowy altar of Dithmenos.
  2097 | D:3      | Reached skill level 5 in Dodging
  2174 | D:3      | Found an opulent altar of Gozag.
  2176 | D:3      | Found Gozag's Platinum Reserve.
  2271 | D:3      | HP: 1/35 [orc wizard/magic dart (6)]
  2275 | D:3      | Killed from afar by an orc wizard

Vault maps used:
D:1:      dpeg_arrival_signposts
D:2:      lemuel_round_altar, nicolae_overflow_quartered_altars,
          chequers_ecumenical_altar_island, kennysheep_pointless_box,
          evilmike_ruin_ashenzari
D:3:      okawaru_trees_2, first_ration, nicolae_gozag_zags_fifth_avenue

Skill      XL: |  1  2  3  4 |
---------------+-------------+-----
Polearms       | 5 6 |  6.4
Fighting       | 3 |  3.2
Dodging        | 5 |  5.1
Throwing       | |  2.0

Action                   |  1- 3 |  4- 6 || total
-------------------------+-------+-------++-------
Melee: Trident           |    62 |    41 ||   103
Throw: Tomahawk          |    43 |    28 ||    71
       Throwing net      |     3 |     2 ||     5
  Use: Potion            |       |     2 ||     2
 Stab: Sleeping          |     1 |     1 ||     2
       Held in net/web   |     1 |       ||     1
  Eat: Chunk             |     1 |     3 ||     4
Armor: Leather armour    |    10 |    19 ||    29
Dodge: Dodged            |    34 |    44 ||    78

Table legend:
 A = Non-vault XP
 B = Vault XP
 C = Vault XP percentage of total XP
 D = Non-vault monster count
 E = Vault monster count
 F = Vault count percentage of total count
                 A         B        C        D         E       F
            +---------+---------+-------+---------+---------+-------
      Total |     164 |       0 |   0.0 |      58 |       0 |   0.0
            +---------+---------+-------+---------+---------+-------
        D:1 |      48 |       0 |   0.0 |      25 |       0 |   0.0
        D:2 |      68 |       0 |   0.0 |      21 |       0 |   0.0
        D:3 |      48 |       0 |   0.0 |      12 |       0 |   0.0
            +---------+---------+-------+---------+---------+-------
